 Dungeon Crawl Stone Soup version 0.31-a0-175-g9f7f995f2b (webtiles) character file.

Game seed: 12005068723728178548

1127 Elmgren the Skirmisher (level 8, -4/37 HPs)
             Began as a Spriggan Hunter on June 17, 2023.
             Was an Initiate of Hepliaklqana.
             Slain by a vampire mosquito (5 damage)
             ... on level 7 of the Dungeon.
             The game lasted 00:13:29 (5527 turns).

Elmgren the Skirmisher (Spriggan Hunter)            Turns: 5527, Time: 00:13:29

Health: -4/37      AC:  4    Str:  7    XL:     8   Next: 13%
Magic:  9/9        EV: 18    Int: 11    God:    Hepliaklqana [......]
Gold:   459        SH:  0    Dex: 20    Spells: 7/7 levels left

rFire   . . .        a - +1 shortbow
rCold   . . .        (shield currently unavailable)
rNeg    + . .        c - +0 robe
rPois   .            (helmet restricted)
rElec   .            y - +1 cloak
rCorr   .            (gloves unavailable)
SInv    +            (boots unavailable)
Will    +....        (no amulet)
Stlth   ++           w - ring of positive energy
HPRegen 0.26/turn    (no ring)
MPRegen 0.11/turn

%: no passive effects
@: very quick
A: very small, no large weapons, unfitting armour, see invisible, speed 3
a: Renounce Religion


You were on level 7 of the Dungeon.
You worshipped Hepliaklqana.
Hepliaklqana was noncommittal.
You visited 2 branches of the dungeon, and saw 8 of its levels.

You collected 459 gold pieces.

Inventory:

Hand Weapons
 a - a +1 shortbow (weapon)
Armour
 c - a +0 robe (worn)
 y - a +1 cloak (worn)
Jewellery
 w - a ring of positive energy (left hand)
 z - a ring of ice
Wands
 l - a wand of paralysis (4)
 p - a wand of iceblast (18)
 v - a wand of flame (12)
Scrolls
 b - a scroll of butterflies
 f - 5 scrolls of identify
 g - 3 scrolls of fog
 m - 2 scrolls of enchant armour
 n - a scroll of revelation {unknown}
 s - a scroll of enchant weapon
 t - 3 scrolls of acquirement {unknown}
 u - a scroll of teleportation
 x - a scroll of poison {unknown}
Potions
 d - 2 potions of might {unknown}
 e - 4 potions of curing {unknown}
 h - a potion of haste {unknown}
 i - 7 potions of heal wounds {unknown}
 j - a potion of ambrosia {unknown}
 k - a potion of attraction {unknown}
 o - a potion of mutation {unknown}
 q - a potion of berserk rage {unknown}
 r - 2 potions of invisibility {unknown}


   Skills:
 - Level 1.5 Fighting
 + Level 10.5 Ranged Weapons
 - Level 2.6 Dodging
 - Level 1.5 Stealth


You had 7 spell levels left.
You didn't know any spells.
Your spell library contained the following spells:

 Spells                   Type           Power      Damage    Failure   Level
 Beastly Appendage        Tmut           0%         N/A       34%         1
 Wereblood                Tmut           0%         N/A       47%         2
 Spider Form              Tmut/Pois      0%         N/A       71%         3
 Summon Ice Beast         Ice/Summ       0%         N/A       98%         4
 Alistair's Intoxication  Tmut/Pois      0%         N/A       100%        5
 Borgnjor's Vile Clutch   Necr/Erth      0%         N/A       100%        5
 Fireball                 Conj/Fire      0%         3d3       100%        5
 Iskenderun's Battlesphe  Conj           0%         2d6       100%        5
 Summon Mana Viper        Hex/Summ       0%         N/A       100%        5
 Conjure Ball Lightning   Conj/Air       0%         3x3d6     100%        6
 Eringya's Noxious Bog    Tmut/Pois      0%         N/A       100%        6
 Monstrous Menagerie      Summ           0%         N/A       100%        7
 Orb of Destruction       Conj           0%         9d5       100%        7


Dungeon Overview and Level Annotations

Branches:
Dungeon (7/15)             Temple (1/1) D:4

Altars:
Ashenzari
Cheibriados
Gozag
Hepliaklqana
Makhleb
Nemelex Xobeh
Okawaru
Qazlal
Ru
Uskayaw
Vehumet
Wu Jian
Xom
Zin
The Shining One

Shops:
D:2 (

Annotations:
D:5 3 runed translucent doors, Beaer's ghost, novice FoHu


Innate Abilities, Weirdness & Mutations

You are very small and have problems with some larger weapons.
You are too small for most types of armour.
You have supernaturally acute eyesight. (SInv)
You cover ground extremely quickly. (Speed+++)


Message History

You shoot an arrow. The arrow hits the electric eel!
You kill the electric eel!
You start resting.
HP restored.
No target in view!
Found a granite statue.
No target in view!
You open the door.
A vampire mosquito comes into view.
The vampire mosquito buzzes angrily.
You shoot an arrow. The arrow hits the vampire mosquito!
The vampire mosquito is moderately damaged.
You shoot an arrow. The arrow hits the vampire mosquito!
The vampire mosquito is severely damaged.
The vampire mosquito bites you!
The vampire mosquito draws strength from your injuries!
The vampire mosquito barely misses you.
You shoot an arrow.
The arrow closely misses the vampire mosquito.
The vampire mosquito bites you!
The vampire mosquito draws strength from your injuries!
You shoot an arrow. The arrow hits the vampire mosquito.
The vampire mosquito is severely damaged.
The vampire mosquito bites you!
The vampire mosquito draws strength from your injuries!
The vampire mosquito misses you.
You are too injured to fight recklessly!
The vampire mosquito bites you.
* * * LOW HITPOINT WARNING * * *
The vampire mosquito draws strength from your injuries!
The vampire mosquito attacks as you move away!
The vampire mosquito bites you.
* * * LOW HITPOINT WARNING * * *
The vampire mosquito draws strength from your injuries!
The vampire mosquito attacks as you move away!
The vampire mosquito bites you.
* * * LOW HITPOINT WARNING * * *
The vampire mosquito draws strength from your injuries!
The vampire mosquito bites you.
You die...

#.....##
###.....#
##...#.#####
#
#..#.#.....#
##
#.##########
#. #.##...##
#. #.#.....#
#. #.#.....#
#. #@#.....#
## #y# ...#
# #.###'###
# #.......#
## #.......#
###.
#....8..+
#...
#.......#
###.
#.......# ##
#####+###


You could see a vampire mosquito.

Vanquished Creatures
  A sky beast (D:7)
  A phantom (D:5)
  2 scorpions
  A howler monkey (D:7)
  An electric eel (D:7)
  A jelly (D:6)
  5 hounds
  Crazy Yiuf (D:2)
  5 orc priests
  3 iguanas
  Natasha (thrice) (D:2)
  An orc wizard (D:6)
  3 gnolls (D:5)
  9 adders
  2 shadow imps
  2 ufetubi
  2 worms
  3 dart slugs
  18 orcs
  5 endoplasms
  2 giant cockroaches
  7 goblins
  6 hobgoblins
  2 jackals (D:2)
  7 kobolds
  4 quokkas
  4 ball pythons
  3 bats
  3 frilled lizards (D:2)
  4 rats
111 creatures vanquished.

Notes
Turn   | Place    | Note
-------+----------+-------------------------------------------
     0 | D:1      | Elmgren the Spriggan Hunter began the quest for the Orb.
     0 | D:1      | Reached XP level 1. HP: 10/10 MP: 2/2
   184 | D:1      | Reached XP level 2. HP: 14/14 MP: 3/3
   728 | D:2      | You fall into a shaft and drop 1 floor!
   814 | D:3      | Found a broken altar of Ashenzari.
   858 | D:3      | Found an iron altar of Okawaru.
   864 | D:3      | Reached skill level 5 in Ranged Weapons
   878 | D:3      | Reached XP level 3. HP: 18/18 MP: 4/4
  1207 | D:2      | Found a runed translucent door.
  1208 | D:2      | Noticed Crazy Yiuf
  1234 | D:2      | Reached XP level 4. HP: 22/22 MP: 5/5
  1237 | D:2      | Found Ypufar's Weapon Boutique.
  1494 | D:2      | Identified the ring "Calotoixi" {rElec Will+ Str+6 Slay-3}
  1552 | D:2      | Noticed Natasha
  1556 | D:2      | Killed Natasha
  1557 | D:2      | Reached skill level 6 in Ranged Weapons
  1784 | D:2      | Noticed Natasha
  1789 | D:2      | Killed Natasha
  1790 | D:2      | Reached XP level 5. HP: 25/25 MP: 6/6
  1796 | D:2      | Noticed Natasha
  1800 | D:2      | Killed Natasha
  1857 | D:2      | Killed Crazy Yiuf
  1911 | D:4      | Reached skill level 7 in Ranged Weapons
  2197 | D:4      | Found a snail-covered altar of Cheibriados.
  2419 | D:4      | Found a staircase to the Ecumenical Temple.
  2586 | D:4      | Found a glowing silver altar of Zin.
  2644 | Temple   | Entered the Ecumenical Temple
  2836 | D:5      | Entered Level 5 of the Dungeon
  2993 | D:5      | Noticed a phantom
  2995 | D:5      | Reached XP level 6. HP: 28/30 MP: 7/7
  3040 | D:5      | Reached skill level 8 in Ranged Weapons
  3261 | D:5      | Found a runed translucent gate.
  3262 | D:5      | Found a runed translucent gate.
  3263 | D:5      | Found a runed translucent gate.
  3265 | D:5      | Noticed Beaer's ghost (novice FoHu)
  3487 | D:5      | Reached XP level 7. HP: 26/33 MP: 8/8
  3841 | D:6      | Reached skill level 9 in Ranged Weapons
  4251 | D:6      | Found a hazy altar of Hepliaklqana.
  4251 | D:6      | Found a glowing golden altar of the Shining One.
  4257 | D:6      | Became a worshipper of Hepliaklqana the Forgotten
  4485 | D:6      | Found an opulent altar of Gozag.
  5197 | D:7      | Reached skill level 10 in Ranged Weapons
  5250 | D:7      | Reached XP level 8. HP: 15/37 MP: 9/9
  5527 | D:7      | HP: 1/37 [vampire mosquito (3)]
  5527 | D:7      | Slain by a vampire mosquito

Illustrated notes

Levels and vault maps discovered:
D:1:      dpeg_arrival_simpleton_b, layout_basic, hex_large
D:2:      layout_rooms, serial_shops, shop, minmay_split_cup_large,
          uniq_natasha, uniq_crazy_yiuf_cottage
D:3:      layout_rooms, kennysheep_okawaru_gauntlet,
          mainiacjoe_overflow_surrounded_room
D:4:      layout_loops_ring, nicolae_overflow_hidden_temple, slow_altar_1,
          minmay_temple_entry_gardened_gates
D:5:      layout_rooms, gammafunk_ghost_nasty_kobolds
D:6:      layout_basic, grunt_gozag_statues, gammafunk_temple_overflow_wave
D:7:      layout_loops_ring, mainiacjoe_overflow_alcove_2, kennysheep_diamond,
          minmay_three_doors
Temple:   nicolae_temple_ecumenical_triangle

Skill      XL: |  1  2  3  4  5  6  7 |
---------------+----------------------+-----
Ranged Weapons | 5 6 7 8 10 | 10.5
Fighting       | |  1.5
Dodging        | |  2.6
Stealth        | |  1.5

Action                     |  1- 3 |  4- 6 |  7- 9 || total
---------------------------+-------+-------+-------++-------
   Fire: Shortbow          |    86 |   181 |   181 ||   448
    Use: Scroll            |     1 |     6 |       ||     7
         Potion            |       |     1 |       ||     1
 Armour: Robe              |     2 |     9 |     3 ||    14
         Skin              |       |     3 |       ||     3
  Dodge: Dodged            |    23 |    63 |    37 ||   123

Table legend: (Time is in decaauts)
 A = Elapsed time spent in this place.
 B = Non-inter-level travel time spent in this place.
 C = Inter-level travel time spent in this place.
 D = Time resting spent in this place.
 E = Time spent auto-exploring this place.
 F = Levels seen in this place.
 G = Mean time per level.
                   A        B        C        D        E       F      G
               +--------+--------+--------+--------+--------+-----+--------+
         Total |   3879 |   3708 |    171 |    629 |   2145 |   8 |  484.9 |
       Dungeon |   3845 |   3680 |    165 |    629 |   2133 |   7 |  549.3 |
        Temple |     34 |     28 |      6 |      0 |     11 |   1 |   34.0 |
               +--------+--------+--------+--------+--------+-----+--------+

Top non-repeatable levels by time:
     D:6: 798 daAuts
     D:5: 655 daAuts
     D:4: 546 daAuts
     D:2: 534 daAuts
     D:7: 506 daAuts
     D:1: 473 daAuts
     D:3: 331 daAuts
  Temple: 34 daAuts
